 Dungeon Crawl Stone Soup version 0.30-a0-722-g3e6e8c874d (webtiles) character file.

Game seed: 9463449700085961882

746 theblackgale the Insei (level 7, -3/79 HPs)
             Began as a Gnoll Transmuter on Jan 27, 2023.
             Was a Follower of Dithmenos.
             Shot with a sling bullet by Joseph (4 damage)
             ... on level 7 of the Dungeon.
             The game lasted 00:25:05 (2619 turns).

theblackgale the Insei (Gnoll Transmuter)           Turns: 2619, Time: 00:25:05

Health: -3/79      AC: 23    Str: 12    XL:     7   Next: 77%
Magic:  24/24      EV:  2    Int: 12    God:    Dithmenos [*.....]
Gold:   263        SH:  0    Dex: 12    Spells: 16/17 levels left

rFire   . . .      SeeInvis .    l - +2 dagger (venom)
rCold   . . .      Faith    .    (no shield)
rNeg    . . .      Spirit   .    (body armour currently unavailable)
rPois   +          Reflect  .    (helmet currently unavailable)
rElec   .          Harm     .    (cloak currently unavailable)
rCorr   .          Rampage  .    (gloves currently unavailable)
Will    .....      NoTele   +    (boots currently unavailable)
Stlth   ++                       f - amulet of the acrobat
HPRegen 0.33/turn                e - ring of magical power
MPRegen 0.19/turn                i - +5 ring of evasion

@: tree-form, wreathed by umbra
A: stationary, stasis, torment immunity, boosted hp, (fangs 1), strong nose,
distributed training
a: Renounce Religion


You were on level 7 of the Dungeon.
You worshipped Dithmenos.
Dithmenos was aware of your devotion.
You were a tree.
You visited 1 branch of the dungeon, and saw 7 of its levels.

You collected 263 gold pieces.

Inventory:

Hand Weapons
 l - a +2 dagger of venom (weapon)
Missiles
 j - a throwing net (quivered)
Armour
 a - a +0 robe
 d - a +0 leather armour
 g - a +1 scale mail (melded)
 p - a +0 pair of gloves (melded)
 t - a +0 helmet (melded)
Jewellery
 e - a ring of magical power (left branch)
 f - an amulet of the acrobat (around neck)
 i - a +5 ring of evasion (right branch)
 k - a ring of positive energy
Wands
 r - a wand of iceblast (5)
Scrolls
 c - a scroll of poison {unknown}
 h - 2 scrolls of identify
 n - a scroll of brand weapon
 o - a scroll of fog
Potions
 b - a potion of lignification
 s - 2 potions of degeneration {unknown}


   Skills:
 + Level 3.9 Fighting
 + Level 2.8 Short Blades
 + Level 2.8 Long Blades
 + Level 2.8 Axes
 + Level 2.8 Maces & Flails
 + Level 2.8 Polearms
 + Level 2.8 Staves
 + Level 2.8 Ranged Weapons
 + Level 2.8 Throwing
 + Level 2.8 Armour
 + Level 5.4 Dodging
 + Level 2.8 Stealth
 + Level 2.8 Shields
 + Level 7.2 Unarmed Combat
 + Level 5.8 Spellcasting
 + Level 2.3 Conjurations
 + Level 2.3 Hexes
 + Level 2.3 Summonings
 + Level 2.3 Necromancy
 + Level 2.3 Translocations
 + Level 4.4 Transmutations
 + Level 2.3 Fire Magic
 + Level 2.3 Ice Magic
 + Level 2.3 Air Magic
 + Level 2.3 Earth Magic
 + Level 2.3 Poison Magic
 + Level 3.1 Invocations
 + Level 2.8 Evocations


You had 16 spell levels left.
You knew the following spells:

 Your Spells              Type           Power      Damage    Failure   Level
a - Beastly Appendage     Tmut           28%        N/A       3%          1

Your spell library contained the following spells:

 Spells                   Type           Power      Damage    Failure   Level
 Wereblood                Tmut           14%        N/A       4%          2
 Slow                     Hex            36%        N/A       7%          1
 Blink                    Tloc           18%        N/A       11%         2
 Lesser Beckoning         Tloc           18%        N/A       11%         2
 Momentum Strike          Conj/Tloc      18%        3d8       11%         2
 Spider Form              Tmut/Pois      11%        N/A       14%         3
 Call Canine Familiar     Summ           9%         N/A       22%         3
 Dazzling Flash           Conj/Hex       18%        N/A       22%         3
 Portal Projectile        Hex/Tloc       18%        N/A       22%         3
 Vhi's Electric Charge    Tloc/Air       18%        N/A       22%         3
 Ice Form                 Ice/Tmut       11%        N/A       41%         4
 Leda's Liquefaction      Hex/Erth       4%         N/A       56%         4
 Arcjolt                  Conj/Air       4%         1d14      89%         5
 Enfeeble                 Hex            4%         N/A       100%        7
 Maxwell's Capacitive Co  Air            4%         ∞         100%        8


Dungeon Overview and Level Annotations

Branches:
Dungeon (7/15)
 Temple: D:4-7

Altars:
Dithmenos
Okawaru

Annotations:
D:7 Joseph


Innate Abilities, Weirdness & Mutations

You are a tree.
Your roots penetrate the ground, keeping you stationary.
You cannot be teleported.
You are immune to unholy pain and torment.
Your maximum health is greatly increased.
Your equipment is partially melded.
((You have very sharp teeth.))
Your uncanny sense of smell can sniff out nearby items.
Your experience applies equally to all skills.


Message History

Your +0 helmet unmelds from your body.
You turn into a tree.
Your +0 helmet melds into your body.
Your +0 pair of gloves melds into your body.
Your +1 scale mail melds into your body.
Your roots penetrate the ground.
The wyvern bites you. The hound bites you but does no damage.
Joseph shoots a sling bullet.
The sling bullet hits you but does no damage.
The wyvern bites you but does no damage.
The hound bites you but does no damage.
You hear an angry hiss.
You hit the wyvern but do no damage.
The wyvern is poisoned.
The wyvern bites you. The hound bites you but does no damage.
Joseph shoots a sling bullet.
The sling bullet hits you!
* * * LOW HITPOINT WARNING * * *
You hit the wyvern.
The wyvern looks as sick as possible!
The wyvern is moderately wounded.
The wyvern bites you but does no damage.
The hound bites you but does no damage.
Joseph shoots a sling bullet.
The sling bullet hits you but does no damage.
The wyvern bites you but does no damage.
The hound bites you.
* * * LOW HITPOINT WARNING * * *
You feel better.
The wyvern bites you but does no damage.
Joseph shoots a sling bullet.
The sling bullet hits you!
* * * LOW HITPOINT WARNING * * *
The hound barely misses you.
You hit the wyvern but do no damage.
The wyvern looks as sick as possible!
The wyvern is moderately wounded.
The wyvern bites you but does no damage.
The hound bites you but does no damage.
Joseph shoots a sling bullet.
The sling bullet hits you.
* * * LOW HITPOINT WARNING * * *
The wyvern bites you but does no damage.
You hit the hound.
The hound is poisoned.
The hound is lightly wounded.
The hound bites you but does no damage. The wyvern bites you.
* * * LOW HITPOINT WARNING * * *
Joseph shoots a sling bullet.
The sling bullet hits you.
You die...

#############
#...#......<#
#.#.##.###### .
#.#.##.#
...###.#....#
.......#l♣###
.......nh.#
........@......#
........######.#
.........
.......##
....... .......
.......


You could see Joseph, a wyvern (extremely poisoned), a necrophage and a hound
(very poisoned).

Vanquished Creatures
  A water moccasin (D:5)
  A sky beast (D:7)
  A centaur (D:6)
  A bullfrog (D:4)
  2 howler monkeys
  2 hounds
  An orc priest (D:4)
  4 iguanas
  2 orc wizards (D:4)
  3 adders
  2 dart slugs
  9 orcs
  A ball python (D:4)
  3 endoplasms (D:4)
  2 giant cockroaches
  6 goblins
  A hobgoblin (D:3)
  4 jackals (D:4)
  10 kobolds
  4 bats
  4 frilled lizards
  A rat (D:3)
  A bush (D:2)
66 creatures vanquished.

Vanquished Creatures (others)
  A fungus (D:4)
  8 plants (D:2)
  3 toadstools (D:4)
12 creatures vanquished.

Grand Total: 78 creatures vanquished

Notes
Turn   | Place    | Note
-------+----------+-------------------------------------------
     0 | D:1      | theblackgale the Gnoll Transmuter began the quest for the
                  | Orb.
     0 | D:1      | Reached XP level 1. HP: 17/17 MP: 6/6
   301 | D:1      | Reached XP level 2. HP: 18/23 MP: 1/7
  1071 | D:3      | Reached skill level 5 in Spellcasting
  1071 | D:3      | Reached XP level 3. HP: 27/28 MP: 9/9
  1071 | D:3      | Found a shadowy altar of Dithmenos.
  1076 | D:3      | Reached skill level 1 in Invocations
  1095 | D:3      | Became a worshipper of Dithmenos the Shadowed
  1115 | D:3      | Reached skill level 1 in Short Blades
  1115 | D:3      | Reached skill level 1 in Long Blades
  1115 | D:3      | Reached skill level 1 in Axes
  1115 | D:3      | Reached skill level 1 in Maces & Flails
  1115 | D:3      | Reached skill level 1 in Polearms
  1115 | D:3      | Reached skill level 1 in Staves
  1115 | D:3      | Reached skill level 1 in Ranged Weapons
  1115 | D:3      | Reached skill level 1 in Throwing
  1115 | D:3      | Reached skill level 1 in Armour
  1115 | D:3      | Reached skill level 1 in Stealth
  1115 | D:3      | Reached skill level 1 in Shields
  1115 | D:3      | Reached skill level 1 in Evocations
  1115 | D:3      | Reached XP level 4. HP: 29/34 MP: 11/11
  1276 | D:3      | Found an iron altar of Okawaru.
  1289 | D:3      | Reached skill level 1 in Conjurations
  1289 | D:3      | Reached skill level 1 in Hexes
  1289 | D:3      | Reached skill level 1 in Summonings
  1289 | D:3      | Reached skill level 1 in Necromancy
  1289 | D:3      | Reached skill level 1 in Translocations
  1289 | D:3      | Reached skill level 1 in Fire Magic
  1289 | D:3      | Reached skill level 1 in Ice Magic
  1289 | D:3      | Reached skill level 1 in Air Magic
  1289 | D:3      | Reached skill level 1 in Earth Magic
  1289 | D:3      | Reached skill level 1 in Poison Magic
  1640 | D:4      | Reached XP level 5. HP: 28/41 MP: 12/12
  1689 | D:4      | Got the Precepts of Fascination
  1760 | D:4      | Reached XP level 6. HP: 19/47 MP: 14/14
  2202 | D:4      | Reached skill level 5 in Dodging
  2316 | D:5      | Entered Level 5 of the Dungeon
  2316 | D:5      | Noticed a water moccasin
  2329 | D:5      | Killed a water moccasin
  2368 | D:5      | Reached skill level 7 in Unarmed Combat
  2368 | D:5      | Reached XP level 7. HP: 31/52 MP: 15/15
  2441 | D:5      | You fall into a shaft and drop 1 floor!
  2603 | D:7      | Reached * piety under Dithmenos
  2604 | D:7      | Noticed Joseph
  2606 | D:7      | Noticed a wyvern
  2619 | D:7      | HP: 1/79 [wyvern (6)]
  2619 | D:7      | Shot with a sling bullet by Joseph

Illustrated notes

Levels and vault maps discovered:
D:1:      dpeg_arrival_houses_and_road, layout_basic
D:2:      layout_loops_ring, shapermc_ecumenical_altar_hornbeckon,
          lexackson_kobold_supper
D:3:      layout_loops_ring, nicolae_dithmenos_shadow_blocks,
          hellmonk_okawaru_the_only_friend_you_need, uniq_crazy_yiuf_cottage
D:4:      layout_loops_cross, portal_sewer_entry_d, minmay_gold_behind_fungi,
          minmay_misc_feat_diagonals
D:5:      layout_cave_pods, grunt_qazlal_clouds, kennysheep_mini,
          amcnicky_altar_gilded, gammafunk_temple_overflow_forgotten,
          uniq_menkaure
D:6:      layout_layer_cave, nicolae_uskayaw_murder_on_the_dancefloor
D:7:      layout_basic, kiku_gazebo_pond_becter,
          minmay_temple_entry_butterflies, serial_shops, shop, uniq_joseph

Skill      XL: |  1  2  3  4  5  6  7 |
---------------+----------------------+-----
Spellcasting   | 5 |  5.8
Invocations    | 1 2 3 |  3.1
Short Blades   | 1 2 |  2.8
Long Blades    | 1 2 |  2.8
Axes           | 1 2 |  2.8
Maces & Flails | 1 2 |  2.8
Polearms       | 1 2 |  2.8
Staves         | 1 2 |  2.8
Ranged Weapons | 1 2 |  2.8
Throwing       | 1 2 |  2.8
Armour         | 1 2 |  2.8
Stealth        | 1 2 |  2.8
Shields        | 1 2 |  2.8
Evocations     | 1 2 |  2.8
Conjurations   | 1 2 |  2.3
Hexes          | 1 2 |  2.3
Summonings     | 1 2 |  2.3
Necromancy     | 1 2 |  2.3
Translocations | 1 2 |  2.3
Fire Magic     | 1 2 |  2.3
Ice Magic      | 1 2 |  2.3
Air Magic      | 1 2 |  2.3
Earth Magic    | 1 2 |  2.3
Poison Magic   | 1 2 |  2.3
Fighting       | 3 |  3.9
Transmutations | 4 |  4.4
Dodging        | 5 |  5.4
Unarmed Combat | 7 |  7.2

Action                     |  1- 3 |  4- 6 |  7- 9 || total
---------------------------+-------+-------+-------++-------
  Melee: Unarmed           |   194 |       |       ||   194
         Kick              |    16 |     3 |    15 ||    34
         Bite              |    31 |     8 |     4 ||    43
         Dagger            |    25 |    99 |    46 ||   170
         Headbutt          |     7 |     3 |     7 ||    17
         Punch             |     6 |     4 |     3 ||    13
   Cast: Beastly Appendage |    17 |     5 |     4 ||    26
    Use: Scroll            |     5 |     4 |       ||     9
         Potion            |     2 |     3 |     3 ||     8
   Stab: Sleeping          |     1 |       |       ||     1
 Armour: Leather armour    |     5 |       |       ||     5
         Robe              |     1 |       |       ||     1
         Scale mail        |    11 |    23 |    16 ||    50
         Skin              |       |       |    14 ||    14
  Dodge: Dodged            |    73 |    65 |    47 ||   185

Table legend: (Time is in decaauts)
 A = Elapsed time spent in this place.
 B = Non-inter-level travel time spent in this place.
 C = Inter-level travel time spent in this place.
 D = Time resting spent in this place.
 E = Time spent auto-exploring this place.
 F = Levels seen in this place.
 G = Mean time per level.
                   A        B        C        D        E       F      G
               +--------+--------+--------+--------+--------+-----+--------+
         Total |   2597 |   1184 |   1413 |    204 |     85 |   7 |  371.0 |
       Dungeon |   2597 |   1184 |   1413 |    204 |     85 |   7 |  371.0 |
               +--------+--------+--------+--------+--------+-----+--------+

Top non-repeatable levels by time:
     D:4: 756 daAuts
     D:1: 567 daAuts
     D:3: 494 daAuts
     D:2: 473 daAuts
     D:6: 136 daAuts
     D:5: 130 daAuts
     D:7: 37 daAuts
